 Dungeon Crawl Stone Soup version 0.21.1-1-g345015fe64 (webtiles) character file.

107 Freyura the Shield-Bearer (level 4, -5/29 HPs)
             Began as a Gargoyle Fighter on May 17, 2018.
             Killed by divine providence
             ... invoked by an orc priest
              (13 damage)
             ... on level 3 of the Dungeon.
             The game lasted 00:05:55 (1507 turns).

Freyura the Shield-Bearer (Gargoyle Fighter)        Turns: 1507, Time: 00:05:56

Health: -5/29      AC: 12    Str: 22    XL:     4   Next: 85%
Magic:  4/4        EV:  8    Int:  9    God:
Gold:   95         SH:  9    Dex: 10    Spells: 3/3 levels left

rFire    . . .     SeeInvis .   a - +0 flail
rCold    . . .     Gourm    .   c - +0 shield
rNeg     + . .     Faith    .   b - +0 scale mail
rPois    ∞         Spirit   .   (no helmet)
rElec    +         Reflect  .   (no cloak)
rCorr    .         Harm     .   e - +1 pair of gloves {Str+3}
MR       +....                  (no boots)
Stlth    ..........             (no amulet)
HPRegen  0.09/turn              m - ring of protection from magic
MPRegen  0.09/turn              (no ring)

@: no status effects
A: negative energy resistance 1, electricity resistance, unbreathing,
petrification resistance, rot immunity, AC +3
a: no special abilities


You were on level 3 of the Dungeon.
You were full.

You visited 1 branch of the dungeon, and saw 3 of its levels.

You collected 95 gold pieces.

Inventory:

Hand Weapons
 a - a +0 flail (weapon)
Armour
 b - a +0 scale mail (worn)
 c - a +0 shield (worn)
 e - a +1 pair of gloves of strength (worn)
Jewellery
 m - a ring of protection from magic (left hand)
Scrolls
 g - a scroll of teleportation {unknown}
 h - 2 scrolls of fear {unknown}
 i - a scroll of enchant weapon {unknown}
 k - 2 scrolls of identify {unknown}
Potions
 d - a potion of might
 j - 2 potions of invisibility {unknown}
 l - a potion of agility {unknown}
 n - a potion of magic {unknown}
Comestibles
 f - 3 rations


   Skills:
 + Level 3.8 Fighting
 * Level 3.2 Maces & Flails
 + Level 3.8 Armour
 + Level 1.0 Dodging
 + Level 3.9 Shields


You had 3 spell levels left.
You didn't know any spells.

Dungeon Overview and Level Annotations

Branches:
Dungeon (3/15)

Altars:


Innate Abilities, Weirdness & Mutations

You are resistant to torment.
Your stone body is resilient. (AC +3)
You are immune to poison.
You resist negative energy. (rN+)
You are resistant to electric shocks. (rElec)
You can survive without breathing.
You are immune to petrification.
You are immune to rotting.


Message History

The orc wizard closely misses you.
A kobold comes into view.
You hit the orc wizard but do no damage.
The orc wizard is lightly wounded.
You block the orc wizard's attack.
The orc priest looks encouraged for a moment.
You hit the orc wizard.
The orc wizard is moderately wounded.
The orc wizard points at you and mumbles some strange words.
You resist with almost no effort.
An orc priest comes into view.
Your shield prevents you from hitting the orc.
The orc priest mumbles some strange prayers to Beogh against you.
Beogh smites you!
Ouch! That really hurt!
* * * LOW HITPOINT WARNING * * *
The orc closely misses you.
The orc priest mumbles some strange prayers to Beogh against you.
Beogh smites you!
You die...

#..... .####
#################
#...<...(........
#.##############.
#.# #.......... #
#.# #.########.
###.#o##.#
#.########.
....ooo@.#
#.#[.......
.###Kb####
#.#.######. #.
#####.#.# #. ..
#...†...# ## ##
#)###.### # #.#
#.# #
###.###.#########
#.<..............
#.#.######.######


You could see 2 orc priests, an orc wizard, an orc, a bat and a kobold.

Vanquished Creatures
  5 adders (D:2)
  4 dart slugs
  A worm (D:2)
  An orc (D:3)
  A ball python (D:1)
  2 giant cockroaches
  8 goblins
  8 hobgoblins
  6 jackals (D:2)
  2 bats
  A frilled lizard (D:1)
  6 kobolds
  4 rats
49 creatures vanquished.

Notes
Turn   | Place    | Note
-------+----------+-------------------------------------------
     0 | D:1      | Freyura the Gargoyle Fighter began the quest for the Orb.
     0 | D:1      | Reached XP level 1. HP: 14/14 MP: 1/1
   120 | D:1      | Reached XP level 2. HP: 19/19 MP: 2/2
   597 | D:2      | Reached XP level 3. HP: 23/23 MP: 3/3
   773 | D:2      | Reached XP level 4. HP: 11/29 MP: 4/4
  1042 | D:2      | Reached skill level 1 in Dodging
  1218 | D:2      | Found a faded altar of an unknown god.
  1507 | D:3      | Killed from afar by an orc priest

Skill      XL: |  1  2  3  4 |
---------------+-------------+-----
Maces & Flails | 3 |  3.2
Dodging        | 1 |  1.0
Fighting       | |  3.8
Armour         | |  3.8
Shields        | |  3.9

Action                   |  1- 3 |  4- 6 || total
-------------------------+-------+-------++-------
Melee: Flail             |   165 |    67 ||   232
  Eat: Ration            |       |     2 ||     2
Armor: Scale mail        |   144 |    32 ||   176
Dodge: Dodged            |    78 |    27 ||   105
Block: Shield            |   106 |    43 ||   149
